 Dungeon Crawl Stone Soup version 0.31-a0-1027-gfb7600b (webtiles) character file.

Game seed: 12922538952944967808

169 Geeful the Changeling (level 5, -3/35 HPs)
             Began as an Octopode Shapeshifter on Nov 18, 2023.
             Slain by Grinder (6 damage)
             ... on level 3 of the Dungeon.
             The game lasted 00:04:45 (2280 turns).

Geeful the Changeling (Octopode Shapeshifter)       Turns: 2280, Time: 00:04:46

Health: -3/35      AC:  1    Str: 15    XL:     5   Next: 50%
Magic:  5/5        EV: 13    Int: 12    God:
Gold:   38         SH:  0    Dex: 12    Spells: 4/4 levels left

rFire   . .          .
                       - Unarmed
rCold   . . .        (no shield)
rNeg    . . .        (helmet currently unavailable)
rPois   .            (no amulet)
rElec   .            (no ring)
rCorr   .            (no ring)
SInv    .            (no ring)
Will    .....        (no ring)
Stlth   ++           (no ring)
HPRegen 0.25/turn    (no ring)
MPRegen 0.09/turn    (no ring)
                     (no ring)

%: no passive effects
@: beast-form
A: beast (slay +2), almost no armour, amphibious, 8 rings, camouflage 1,
gelatinous body 1, (nimble swimmer 1), tentacles
a: Begin Untransformation


You were on level 3 of the Dungeon.
You were a hulking beast.
You visited 1 branch of the dungeon, and saw 3 of its levels.

You collected 62 gold pieces.
You spent 24 gold pieces at shops.

Inventory:

Missiles
 n - 13 poisoned darts (quivered)
Jewellery
 q - a ring of protection from cold
Talismans
 b - a beast talisman
 c - a flux talisman
 p - a serpent talisman
Scrolls
 i - 2 scrolls of teleportation {unknown}
 j - a scroll of immolation {unknown}
 m - a scroll of noise {unknown}
 o - 2 scrolls of enchant armour {unknown}
 r - a scroll of butterflies {unknown}
 s - a scroll of poison {unknown}
Potions
 a - a potion of lignification
 d - a potion of heal wounds
 e - 2 potions of brilliance
 f - a potion of haste {unknown}
 g - a potion of might {unknown}
 h - a potion of magic {unknown}
 k - a potion of berserk rage {unknown}
 l - a potion of enlightenment {unknown}


   Skills:
 + Level 2.3 Fighting
 + Level 3.0 Dodging
 + Level 3.7 Unarmed Combat
 * Level 4.2 Shapeshifting


You had 4 spell levels left.
You didn't know any spells.
Your spell library contained the following spells:

 Spells                   Type           Power      Damage    Failure   Level
 Slow                     Hex            0%         N/A       32%         1
 Confusing Touch          Hex            0%         N/A       69%         3
 Sigil of Binding         Hex            0%         N/A       69%         3
 Vampiric Draining        Necr           0%         2d6       69%         3


Dungeon Overview and Level Annotations

Branches:
Dungeon (3/15)

Altars:
Hepliaklqana

Shops:
D:2 *

Annotations:
D:3 Grinder


Innate Abilities, Weirdness & Mutations

You are a hulking beast.
Your limbs bulge with bestial killing power. (Slay +2)
You cannot wear most types of armour.
You are amphibious.
You can wear up to eight rings at the same time.
Your skin changes colour to match your surroundings (Stealth+).
Your rubbery body absorbs attacks. (AC +1, EV +1)
((You are camouflaged when in or above water. (Stealth+)))
You have tentacles for arms and can constrict up to eight enemies at once.


Message History

There is an open door here.
A ball python comes into view.
The ball python misses you. The ball python grabs you.
The ball python constricts you.
You bludgeon the ball python!
You kill the ball python!
No target in view!
Grinder comes into view.
Found 8 gold pieces.
The helpless Grinder fails to defend herself.
You tentacle-slap Grinder. Your grab misses Grinder.
Grinder is lightly wounded.
Grinder barely misses you.
You closely miss Grinder. Your grab misses Grinder.
Your squeeze misses Grinder.
Grinder is lightly wounded.
Grinder hits you.
You writhe in agony.
You barely miss Grinder. You grab Grinder.
Grinder is lightly wounded.
You constrict Grinder, but do no damage.
Grinder hits you but does no damage.
You tentacle-slap Grinder.
Grinder is moderately wounded.
You constrict Grinder. Grinder barely misses you.
You tentacle-slap Grinder.
Grinder is moderately wounded.
You constrict Grinder. Grinder hits you!
You writhe in agony.
You bludgeon Grinder!
Grinder is severely wounded.
You constrict Grinder. You tentacle-slap Grinder.
Grinder is severely wounded.
You constrict Grinder. Grinder hits you.
You writhe in agony.
You tentacle-slap Grinder.
Grinder is almost dead.
You constrict Grinder. Grinder hits you!
* * * LOW HITPOINT WARNING * * *
You writhe in agony.
You die...
Grinder says, "Now the real fun starts!"

........†.....##.####
.........#..........#
##.####..#.#####.##.#
##.####.+#.# ##.##.###
...........####.......#
.###.##..........##.#.#
............###.##..#.#
##.#.##......##.#.....#
.....##......+..h5....#
.#.#.........##.......#
...#.##.....#........##
.#...##....##.##.....#
.#.#.##...# #. #.....#
...#....+## # #.....#
.#.#.##..# #...$.#
.....##..# ......#
##.#.##..##


You could see Grinder.

Vanquished Creatures
  An orc wizard (D:3)
  3 gnolls (D:3)
  4 adders
  A worm (D:2)
  2 dart slugs (D:3)
  6 orcs (D:3)
  4 bats
  8 endoplasms
  2 giant cockroaches
  A hobgoblin (D:2)
  4 jackals (D:2)
  4 kobolds
  3 quokkas
  10 ball pythons
  4 frilled lizards (D:1)
  4 goblins
  5 rats
66 creatures vanquished.

Notes
Turn   | Place    | Note
-------+----------+-------------------------------------------
     0 | D:1      | Geeful the Octopode Shapeshifter began the quest for the
                  | Orb.
     0 | D:1      | Reached XP level 1. HP: 13/13 MP: 1/1
   224 | D:1      | Reached XP level 2. HP: 16/18 MP: 2/2
   505 | D:1      | Reached XP level 3. HP: 23/23 MP: 3/3
   786 | D:2      | Found a hazy altar of Hepliaklqana.
  1240 | D:2      | Found Zuschu's General Store.
  1248 | D:2      | Bought a scroll of identify for 24 gold pieces
  1333 | D:2      | Reached XP level 4. HP: 29/29 MP: 4/4
  1888 | D:3      | Reached skill level 4 in Shapeshifting
  1893 | D:3      | Reached XP level 5. HP: 30/34 MP: 5/5
  2266 | D:3      | Noticed Grinder
  2280 | D:3      | Slain by Grinder

Illustrated notes

Levels and vault maps discovered:
D:1:      ebering_hopf_link, layout_basic
D:2:      layout_basic, serial_shops, shop, basic_altar
D:3:      layout_loops_corners, minmay_diced_spiral, uniq_grinder

Skill      XL: |  1  2  3  4  5 |
---------------+----------------+-----
Fighting       | 2 |  2.3
Shapeshifting  | 4 |  4.2
Dodging        | 3 |  3.0
Unarmed Combat | |  3.7

Action                     |  1- 3 |  4- 6 || total
---------------------------+-------+-------++-------
  Melee: Unarmed           |    60 |    67 ||   127
         Constrict         |    18 |    14 ||    32
         Punch             |     1 |     4 ||     5
         Tentacles         |    13 |    12 ||    25
    Use: Scroll            |       |     2 ||     2
         Potion            |       |     1 ||     1
   Stab: Sleeping          |     7 |     6 ||    13
 Armour: Skin              |    22 |    22 ||    44
  Dodge: Dodged            |    21 |    33 ||    54

Table legend: (Time is in decaauts)
 A = Elapsed time spent in this place.
 B = Non-inter-level travel time spent in this place.
 C = Inter-level travel time spent in this place.
 D = Time resting spent in this place.
 E = Time spent auto-exploring this place.
 F = Levels seen in this place.
 G = Mean time per level.
                   A        B        C        D        E       F      G
               +--------+--------+--------+--------+--------+-----+--------+
         Total |   2271 |   2228 |     43 |     52 |   1801 |   3 |  757.0 |
       Dungeon |   2271 |   2228 |     43 |     52 |   1801 |   3 |  757.0 |
               +--------+--------+--------+--------+--------+-----+--------+

Top non-repeatable levels by time:
     D:2: 894 daAuts
     D:1: 705 daAuts
     D:3: 671 daAuts
